 Dungeon Crawl Stone Soup version 0.29.1-1-gd02db6906a (webtiles) character file.

Game seed: 3364722936651244058

220 LustLizard the Slasher (level 6, 0/48 HPs)
             Began as a Human Monk on Oct 21, 2022.
             Slain by a jackal (2 damage)
             ... on level 3 of the Dungeon.
             The game lasted 00:06:17 (3128 turns).

LustLizard the Slasher (Human Monk)                 Turns: 3128, Time: 00:06:18

Health: 0/48       AC: -1    Str: 11    XL:     6   Next: 18%
Magic:  0/6        EV:  9    Int: 11    God:
Gold:   185        SH:  0    Dex: 17    Spells: 5/5 levels left

rFire   . . .      SeeInvis .   a - +0 falchion
rCold   . . .      Faith    .   (no shield)
rNeg    . . .      Spirit   +   r - +0 scale mail
rPois   +          Reflect  .   k - +0 helmet
rElec   .          Harm     .   (no cloak)
rCorr   .          Rampage  .   (no gloves)
Will    .....                   (no boots)
Stlth   +.........              w - amulet of guardian spirit
HPRegen 0.16/turn               q - ring of poison resistance
MPRegen 0.10/turn               (no ring)

@: corroded
A: deterioration 1, screaming 1, inability to drink after injury 1
a: no special abilities


You were on level 3 of the Dungeon.
You visited 1 branch of the dungeon, and saw 4 of its levels.

You collected 185 gold pieces.

Inventory:

Hand Weapons
 a - a +0 falchion (weapon)
Missiles
 e - 21 stones (quivered)
Armour
 b - a +0 robe
 h - a +0 ring mail
 k - a +0 helmet (worn)
 r - a +0 scale mail (worn)
Jewellery
 q - a ring of poison resistance (left hand)
 w - an amulet of guardian spirit (around neck)
Scrolls
 f - a scroll of brand weapon {unknown}
 j - a scroll of magic mapping {unknown}
 l - a scroll of amnesia {unknown}
 p - a scroll of poison {unknown}
 t - 2 scrolls of teleportation {unknown}
 u - a scroll of identify {unknown}
 v - a scroll of summoning {unknown}
Potions
 i - a potion of heal wounds {unknown}
 n - a potion of flight {unknown}
 o - a potion of curing {unknown}
 s - a potion of brilliance {unknown}


   Skills:
 + Level 3.9 Fighting
 * Level 4.6 Long Blades
 * Level 3.2 Throwing
 - Level 3.0 Dodging
 - Level 2.0 Stealth


You had 5 spell levels left.
You didn't know any spells.
Your spell library contained the following spells:

 Spells                   Type           Power      Damage    Failure   Level
 Necrotise                Necr           0%         1d4       92%         1
 Summon Guardian Golem    Hex/Summ       0%         N/A       100%        3
 Vampiric Draining        Necr           0%         2d6       100%        3
 Agony                    Necr           0%         N/A       100%        5
 Orb of Destruction       Conj           0%         9d5       100%        7
 Spellforged Servitor     Conj/Summ      0%         N/A       100%        7


Dungeon Overview and Level Annotations

Branches:
Dungeon (4/15)
 Temple: D:4-7

Altars:
Ashenzari
Fedhas
Gozag
Hepliaklqana
Qazlal
Vehumet

Annotations:
D:4 Robin


Innate Abilities, Weirdness & Mutations

Your body sometimes deteriorates upon taking damage.
You occasionally shout uncontrollably at your foes.
You occasionally lose the ability to drink potions when taking damage.


Message History

The phantom hits you.
The phantom blinks!
You blink.
You closely miss the phantom.
You feel less invigorated.
You feel less confused. The phantom hits you. The jackal bites you.
You hit the phantom but do no damage. Robin throws the goblin at you!
The jackal barely misses you. The phantom hits you.
The phantom blinks!
You blink.
The goblin shoots a sling bullet.
The sling bullet hits you. The phantom attacks as you move away!
The phantom hits you. The jackal bites you.
There is an escape hatch in the ceiling here.
The goblin no longer looks unusually strong.
The jackal misses you. The jackal bites you. The phantom hits you!
* * * LOW HITPOINT WARNING * * *
The jackal barely misses you. The jackal bites you.
* * * LOW HITPOINT WARNING * * *
A mysterious force pulls you upwards. The hatch slams shut behind you.
You barely miss the phantom. The jackal bites you.
* * * LOW HITPOINT WARNING * * *
The phantom barely misses you. The jackal barely misses you.
You barely miss the phantom. The jackal bites you.
* * * LOW HITPOINT WARNING * * *
The jackal closely misses you. The phantom barely misses you.
The jackal bites you.
* * * LOW HITPOINT WARNING * * *
The jackal bites you.
* * * LOW HITPOINT WARNING * * *
You hit the jackal.
The jackal is heavily wounded.
The jackal bites you.
* * * LOW HITPOINT WARNING * * *
The phantom closely misses you. The jackal bites you.
* * * LOW HITPOINT WARNING * * *
Unknown command.
It was a potion of mutation.
You feel extremely strange.
You feel the urge to shout.
You occasionally lose the ability to drink potions when taking damage.
You feel yourself wasting away. The jackal bites you.
You die...

# # #############
###################............
#......#............######..###
#........#####...#### ##.## #
#.............>....# ###..# #
####.#..#..###h..#.####...##
#####.#........@h..........#
#.....#.......W...#.##.....#
#.######...................#
#.######....#......###.....#
#.........#..##............#
########......[...###......#####
### #..........####..........
..#######...........#
#..........
..).................#
#######..#.


You could see a phantom and 2 jackals.

Vanquished Creatures
  An ogre (D:3)
  A howler monkey (D:3)
  2 adders (D:2)
  2 worms (D:3)
  4 dart slugs
  An orc (D:3)
  5 ball pythons
  2 bats
  4 endoplasms
  15 goblins
  7 hobgoblins
  2 jackals (D:2)
  3 kobolds
  4 quokkas
  2 frilled lizards (D:1)
  9 rats
64 creatures vanquished.

Notes
Turn   | Place    | Note
-------+----------+-------------------------------------------
     0 | D:1      | LustLizard the Human Monk began the quest for the Orb.
     0 | D:1      | Reached XP level 1. HP: 18/18 MP: 1/1
   150 | D:1      | Reached XP level 2. HP: 24/24 MP: 2/2
   362 | D:1      | Reached skill level 1 in Throwing
   482 | D:1      | Reached XP level 3. HP: 29/29 MP: 3/3
   791 | D:2      | Found a radiant altar of Vehumet.
  1327 | D:2      | Reached XP level 4. HP: 28/35 MP: 4/4
  1713 | D:3      | Found an opulent altar of Gozag.
  1714 | D:3      | Found a broken altar of Ashenzari.
  2056 | D:3      | Found a stormy altar of Qazlal.
  2198 | D:3      | Found a hazy altar of Hepliaklqana.
  2198 | D:3      | Found a blossoming altar of Fedhas.
  2232 | D:3      | Reached skill level 4 in Long Blades
  2278 | D:3      | Found a faded altar of an unknown god.
  2373 | D:4      | Noticed Robin
  2624 | D:4      | Noticed an ogre
  2696 | D:4      | Noticed an ogre
  2761 | D:3      | Killed an ogre
  2762 | D:3      | Reached XP level 5. HP: 22/42 MP: 2/5
  3019 | D:4      | Noticed a phantom
  3030 | D:3      | Reached XP level 6. HP: 36/48 MP: 6/6
  3127 | D:3      | HP: 2/48 [jackal (1)]
  3128 | D:3      | Gained mutation: You occasionally shout uncontrollably at
                  | your foes. [potion of mutation]
  3128 | D:3      | Gained mutation: You occasionally lose the ability to drink
                  | potions when taking damage. [potion of mutation]
  3128 | D:3      | Gained mutation: Your body sometimes deteriorates upon
                  | taking damage. [potion of mutation]
  3128 | D:3      | Slain by a jackal

Illustrated notes

Levels and vault maps discovered:
D:1:      evilmike_arrival_crescent, layout_basic
D:2:      layout_loops_ring, basic_altar
D:3:      layout_rooms, nicolae_overflow_squiral,
          gammafunk_temple_overflow_statue, mainiacjoe_overflow_paths,
          shapermc_ecumenical_altar_notcrosses
D:4:      layout_basic, mainiacjoe_overflow_divided_tiny, minmay_fountain_box,
          kennysheep_generic_room_7, uniq_robin

Skill      XL: |  1  2  3  4 |
---------------+-------------+-----
Throwing       | 1 3 |  3.2
Long Blades    | 4 |  4.6
Fighting       | |  3.9
Dodging        | |  3.0
Stealth        | |  2.0

Action                   |  1- 3 |  4- 6 || total
-------------------------+-------+-------++-------
Melee: Falchion          |    76 |    97 ||   173
       Punch             |       |     2 ||     2
       Unarmed           |       |     5 ||     5
Throw: Stone             |     6 |     4 ||    10
  Use: Scroll            |       |     4 ||     4
       Potion            |       |     2 ||     2
 Stab: Sleeping          |       |     2 ||     2
Armor: Robe              |     2 |       ||     2
       Ring mail         |    16 |     7 ||    23
       Scale mail        |       |    46 ||    46
Dodge: Dodged            |    39 |    80 ||   119
